 Dungeon Crawl Stone Soup version 0.32-a0-599-gba8f9cf90e (webtiles) character file.

Game seed: 18444935969272709205

1519540 Jannitor the Cloud Mage (level 27, 213/213 HPs)
             Began as a Coglin Artificer on Mar 2, 2024.
             Was the Champion of Beogh.
             Escaped with the Orb
             ... and 3 runes on Mar 3, 2024!
             The game lasted 04:19:12 (87980 turns).

Jannitor the Cloud Mage (Coglin Artificer)         Turns: 87980, Time: 04:19:12

Health: 213/213    AC: 16    Str: 16 (17) XL:     27
Magic:  37/39      EV: 24    Int: 16 (17) God:    Beogh [******]
Gold:   6885       SH:  0    Dex: 22      Spells: 22/51 levels left

rFire   + + .        q - staff "Oseson" {*Slow rElec rC+ rN+++ Air}
rCold   + + .        z - +9 demon whip (drain) {Juan}
rNeg    + + +        M - +3 robe of Clouds {*Thunder rCloud rElec}
rPois   +            l - +3 helmet of the Sun {rElec Int+2}
rElec   +            Q - scarf {rC+ rF+}
rCorr   +            N - +1 pair of gloves "Fulaohid" {Will++}
SInv    .            c - +2 pair of boots {Fly}
Will    ++++.        (amulet unavailable)
Stlth   +            (ring unavailable)
HPRegen 0.55/turn    (ring unavailable)
MPRegen 0.26/turn    O - cryoturbine Ver.22 {AutoDazzle, rPois rF+ rCorr}

%: slow self (1%)
@: flying, studying Conjurations
A: walk on water, off-hand wielding, slow wielding, warmup strikes, no
jewellery, agile 1
0: Orb of Zot
}: 3/15 runes: decaying, silver, gossamer
a: Renounce Religion, Smiting, Recall Apostles, Blood for Blood, Dismiss Norbak,
warrior, Dismiss Olfrun, warrior, Dismiss Hilgar, priest


You escaped.
You worshipped Beogh.
Beogh was exalted by your worship.
You visited 10 branches of the dungeon, and saw 50 of its levels.
You visited 1 bazaar.
You also visited: Trove, Sewer, Bailey, Ice Cave and Desolation.

You collected 10589 gold pieces.
You spent 3704 gold pieces at shops.

Inventory:

Hand Weapons
 z - a +9 demon whip of draining (offhand) {Juan}
Armour
 c - a +2 pair of boots of flying (worn)
 l - the +3 helmet of the Sun (worn) {rElec Int+2}
   (You found it on level 3 of the Crypt)

   Int+2:     It affects your intelligence (+2).
   rElec:     It insulates you from electricity.
 C - a +2 helmet of see invisible
 M - the +3 robe of Clouds (worn) {*Thunder rCloud rElec}
   (You bought it in a shop in a bazaar)

   *Thunder:  It occasionally creates storm clouds above nearby enemies.
   rCloud:    It grants its wearer immunity to clouds.
   rElec:     It insulates you from electricity.
 N - the +1 pair of gloves "Fulaohid" (worn) {Will++}
   (You bought it in a shop on level 13 of the Dungeon)

   Will++:    It greatly increases your willpower.
 Q - a scarf of resistance (worn)
 R - the +0 pair of gloves of Deemn {rF+ Str+3 Dex+2}
   (You found it in a treasure trove)

   Str+3:     It affects your strength (+3).
   Dex+2:     It affects your dexterity (+2).
   rF+:       It protects you from fire.
Magical Staves
 q - the staff "Oseson" (weapon) {*Slow rElec rC+ rN+++ Air}
   (You found it on level 3 of the Elven Halls)

   [staff of air]

   Base accuracy: +5 Base damage: 5 Base attack delay: 1.2 This weapon's minimum
   attack delay (0.6) is reached at skill level 12.
   rC+:       It protects you from cold.
   rElec:     It insulates you from electricity.
   rN+++:     It renders you almost immune to negative energy.
   *Slow:     It may slow you when you take damage.
   Air:       It increases the power of your Air spells.
   It falls into the 'Staves' category.
   It is a one-graspered weapon.
 G - the staff of Vooc {rElec rN+ Will- rCorr Conj Necro}
   (You found it in an ice cave)

   [staff of death]

   Base accuracy: +5 Base damage: 5 Base attack delay: 1.2 This weapon's minimum
   attack delay (0.6) is reached at skill level 12.
   rElec:     It insulates you from electricity.
   rN+:       It protects you from negative energy.
   Will-:     It decreases your willpower.
   rCorr:     It protects you from acid and corrosion.
   Conj:      It increases the power of your Conjurations spells.
   Necro:     It increases the power of your Necromancy spells.
   It falls into the 'Staves' category.
   It is a one-graspered weapon.
Gizmo
 O - a cryoturbine Ver.22 (installed) {AutoDazzle, rPois rF+ rCorr}
   (You invented it yourself on level 4 of the Lair of Beasts)

   [cryoturbine Ver.22]

   AutoDazzle: It sometimes fires a blinding ray at enemies whose attacks you
   dodge.
   rF+:       It protects you from fire.
   rPois:     It protects you from poison.
   rCorr:     It protects you from acid and corrosion.
Wands
 b - a wand of polymorph (47)
 d - a wand of charming (22)
 e - a wand of iceblast (61)
 w - a wand of mindburst (13)
 P - a wand of flame (140)
 X - a wand of digging (34)
 Z - a wand of quicksilver (32)
Scrolls
 a - 9 scrolls of immolation
 h - a scroll of blinking
 k - 11 scrolls of vulnerability
 u - 2 scrolls of silence
 x - 5 scrolls of enchant armour
 D - 5 scrolls of teleportation
 E - 7 scrolls of revelation
 F - 6 scrolls of fear
 H - a scroll of butterflies
 J - 8 scrolls of poison
 K - 2 scrolls of brand weapon
 L - 9 scrolls of amnesia
 V - 7 scrolls of fog
 W - 5 scrolls of enchant weapon
Potions
 f - 5 potions of mutation
 g - 6 potions of invisibility
 i - 12 potions of enlightenment
 j - 5 potions of might
 m - 2 potions of haste
 n - 7 potions of berserk rage
 o - 3 potions of magic
 r - 5 potions of brilliance
 s - 6 potions of curing
 v - 9 potions of attraction
 B - 5 potions of lignification
 I - 4 potions of resistance
 U - 3 potions of heal wounds
 Y - 4 potions of ambrosia
Miscellaneous
 p - a phial of floods
 t - a lightning rod (4/4)
 y - a sack of spiders
 S - a phantom mirror
 T - a condenser vane


   Skills:
 - Level 16.8 Fighting
 - Level 9.2 Short Blades
 - Level 12.7(13.8) Maces & Flails
 - Level 8.8(12.0) Staves
 - Level 12.4 Armour
 - Level 15.4 Dodging
 - Level 4.0 Stealth
 - Level 12.5 Spellcasting
 - Level 4.5 Hexes
 - Level 12.3 Necromancy
 - Level 9.8 Translocations
 + Level 23.8 Air Magic
 - Level 12.2 Invocations
 - Level 20.5 Evocations


You had 22 spell levels left.
You knew the following spells:

 Your Spells              Type           Power      Damage    Failure   Level
a - Fugue of the Fallen   Necr           49%        N/A       1%          3
b - Anguish               Hex/Necr       18%        N/A       2%          4
c - Vhi's Electric Charg  Tloc/Air       100%       N/A       1%          4
d - Lesser Beckoning      Tloc           82%        N/A       1%          2
e - Airstrike             Air            46%        2d(7-23)  0%          4
f - Martyr's Knell        Necr/Summ      29%        N/A       5%          4
g - Maxwell's Capacitive  Air            46%        ∞         2%          8

Your spell library contained the following spells:

 Spells                   Type           Power      Damage    Failure   Level
 Apportation              Tloc           82%        N/A       1%          1
 Necrotise                Necr           100%       1d9       1%          1
 Slow                     Hex            96%        N/A       1%          1
 Cigotuvi's Dreadful Rot  Necr/Alch/Air  100%       N/A       1%          2
 Mercury Vapours          Alch/Air       100%       N/A       1%          2
 Static Discharge         Conj/Air       100%       3-8/arc   1%          2
 Sublimation of Blood     Necr           49%        N/A       1%          2
 Gell's Gravitas          Tloc           41%        N/A       1%          3
 Mephitic Cloud           Conj/Alch/Air  52%        N/A       1%          3
 Teleport Other           Tloc           41%        N/A       1%          3
 Vampiric Draining        Necr           49%        2d9       1%          3
 Animate Dead             Necr           49%        N/A       1%          4
 Dispel Undead            Necr           49%        3d18      1%          4
 Passage of Golubria      Tloc           41%        N/A       1%          4
 Summon Lightning Spire   Summ/Air       64%        N/A       1%          4
 Arcjolt                  Conj/Air       32%        1d42      1%          5
 Curse of Agony           Necr           49%        N/A       1%          5
 Silence                  Hex/Air        35%        N/A       1%          5
 Volatile Blastmotes      Fire/Tloc      50%        2d14      2%          3
 Sigil of Binding         Hex            24%        N/A       3%          3
 Tukima's Dance           Hex            24%        N/A       3%          3
 Dimensional Bullseye     Hex/Tloc       16%        N/A       3%          4
 Ensorcelled Hibernation  Hex/Ice        34%        N/A       4%          2
 Freeze                   Ice            40%        1d6       7%          1
 Magic Dart               Conj           40%        1d5       7%          1
 Sandblast                Erth           20%        2d7       7%          1
 Sting                    Conj/Alch      40%        1d5       7%          1
 Summon Small Mammal      Summ           40%        N/A       7%          1
 Death Channel            Necr           24%        N/A       7%          6
 Freezing Cloud           Conj/Ice/Air   26%        6-21      8%          5
 Dazzling Flash           Conj/Hex       34%        N/A       9%          3
 Inner Flame              Hex/Fire       17%        N/A       9%          3
 Conjure Ball Lightning   Conj/Air       32%        3x3d10    9%          6
 Plasma Beam              Fire/Air       32%        2x1d45    9%          6
 Iskenderun's Mystic Bla  Conj/Tloc      25%        2d7       10%         4
 Cause Fear               Hex            12%        N/A       11%         4
 Dispersal                Tloc           20%        N/A       19%         6
 Call Canine Familiar     Summ           10%        N/A       22%         3
 Frozen Ramparts          Ice            20%        1d4       22%         3
 Hailstorm                Conj/Ice       10%        3d6       22%         3
 Stone Arrow              Conj/Erth      20%        3d8       22%         3
 Summon Ice Beast         Ice/Summ       10%        N/A       22%         3
 Summon Forest            Summ/Tloc      12%        N/A       26%         5
 Animate Armour           Summ/Erth      20%        N/A       56%         4
 Flame Wave               Conj/Fire      10%        2d6       56%         4
 Fulminant Prism          Conj/Alch      5%         3d7       56%         4
 Ignite Poison            Fire/Alch      10%        N/A       56%         4
 Leda's Liquefaction      Alch/Erth      5%         N/A       56%         4
 Olgreb's Toxic Radiance  Alch           10%        N/A       56%         4
 Petrify                  Alch/Erth      10%        N/A       56%         4
 Sticky Flame             Fire/Alch      10%        2d5       56%         4
 Summon Blazeheart Golem  Fire/Summ      10%        N/A       56%         4
 Metabolic Englaciation   Hex/Ice        8%         N/A       61%         5
 Summon Mana Viper        Hex/Summ       17%        N/A       61%         5
 Yara's Violent Unravell  Hex/Alch       8%         3d5       61%         5
 Irradiate                Conj/Alch      5%         3d13      89%         5
 Iskenderun's Battlesphe  Conj           10%        2d6       89%         5
 Lee's Rapid Deconstruct  Erth           5%         3d6*      89%         5
 Infestation              Necr           24%        N/A       96%         8
 Haunt                    Necr/Summ      14%        N/A       99%         7
 Bombard                  Conj/Erth      5%         9d2       100%        6
 Eringya's Noxious Bog    Alch           5%         4d6       100%        6
 Sculpt Simulacrum        Ice/Alch       5%         N/A       100%        6
 Summon Cactus Giant      Summ           5%         N/A       100%        6
 Enfeeble                 Hex            12%        N/A       100%        7
 Malign Gateway           Summ/Tloc      12%        N/A       100%        7
 Orb of Destruction       Conj           5%         9d5       100%        7
 Ozocubu's Refrigeration  Ice            5%         4d8       100%        7
 Spellforged Servitor     Conj/Summ      5%         N/A       100%        7
 Summon Hydra             Summ           5%         N/A       100%        7
 Discord                  Hex            12%        N/A       100%        8
 Disjunction              Tloc           20%        N/A       100%        8
 Ignition                 Fire           5%         3d4       100%        8
 Lehudib's Crystal Spear  Conj/Erth      5%         10d3      100%        8
 Chain Lightning          Conj/Air       32%        3d42      100%        9
 Death's Door             Necr           24%        N/A       100%        9
 Dragon's Call            Summ           5%         N/A       100%        9
 Fire Storm               Conj/Fire      5%         8d1       100%        9
 Shatter                  Erth           5%         3d8*      100%        9


Dungeon Overview and Level Annotations

Branches:
Dungeon (15/15)            Temple (0/1) D:4            Lair (5/5) D:8
  Swamp (4/4) Lair:3       Spider (4/4) Lair:3        Slime (0/5) Lair:4
    Orc (2/2) D:10            Elf (3/3) Orc:2        Vaults (5/5) D:14
  Crypt (3/3) Vaults:2       Tomb (0/3) Crypt:3      Depths (4/4) D:15
    Zot (5/5) Depths:4      Sewer (visited)          Bailey (visited)
  IceCv (visited)         Desolation (visited)

Altars:
Ashenzari
Cheibriados
Dithmenos
Elyvilon
Gozag
Kikubaaqudgha
Makhleb
Ru
Trog
Vehumet
Xom
Yredelemnul
Jiyva

Shops:
D:3 *   D:13 [   Orc:1 ?   Orc:2 ??*(   Depths:3 *   Depths:4 ?(:(

Portals:
Hell: Depths:1 Depths:3 Depths:4
Abyss: Elf:1 Depths:3
Pandemonium: Depths:1 Depths:2
Ziggurat: Depths:1

Annotations:
D:2 1 runed translucent door, Crazy Yiuf
Elf:1 2 transporters, Luokh's ghost, adept GrMo
Vaults:2 2 transporters, Adoajy's ghost, adept DsWr
Zot:1 3 runed translucent doors, Kyph's ghost, legendary MiBe
Zot:2 2 transporters, Fiolioss's ghost, master OnFi


Innate Abilities, Weirdness & Mutations

You can walk on water.
Your facial features are unmistakably orcish.
You can wield a second weapon in your off-hand.
It takes a long time for you to wield or remove held weapons.
Your first few attacks do less damage.
You cannot equip rings or amulets.
You are agile. (Dex +4, Str/Int -1)


Message History

Unknown command.
There is a stone staircase leading up here.
You fly upwards.
There is a stone staircase leading down here.
Unknown command.
Unknown command.
There is a stone staircase leading up here.
You fly upwards.
There is a stone staircase leading down here.
Unknown command.
Unknown command.
A green death comes into view.
There is a stone staircase leading up here.
The green death gestures at you. The poison arrow hits you!!
You are poisoned.
You partially resist.
You fly upwards.
Level annotation: 1 runed translucent door, Crazy Yiuf You feel very sick.
There is a stone staircase leading down here.
Unknown command.
You feel sick.
You feel sick.
You feel sick.
You feel sick.
You feel sick.
You feel sick.
You feel sick.
You are no longer poisoned.
There is a stone staircase leading up here.
You fly upwards.
There is a stone staircase leading down here.
Unknown command.
Unknown command.
HP restored.
There is a staircase leading out of the dungeon here.
Norbak is recalled.
Hilgar is recalled.
Unknown command.
You have escaped!

#################
#...oo@#.#......#
#.##.###.##.###.#
#...............#
#####.########.##
#...#.#...†.#...#
#.#.#.#.#####.#.#
###
#.#...#.......#.#
#..
#.#######'###.#.#
#..
#.#(........#.#.#
#..


You could see the friendly Hilgar the orc apostle and the friendly Norbak the
orc apostle.

Vanquished Creatures
  7 orbs of fire (Zot:5)
  4 dread liches
  2 ancient liches (Zot:5)
  Mara (Vaults:2)
  A juggernaut (Depths:3)
  Xtahua (Vaults:3)
  Sojobo (Crypt:3)
  2 curse toes
  4 Killer Klowns (Zot:5)
  4 caustic shrikes
  7 golden dragons
  2 bone dragons
  Nikola (Vaults:2)
  A Tzitzimitl (Zot:5)
  5 electric golems
  A hellephant (D:11)
  6 tentacled monstrosities
  Zenata (Elf:2)
  A walking earthen tome (Depths:3)
  16 Orb Guardians (Zot:5)
  5 quicksilver dragons
  2 titans
  2 deep elf master archers (Elf:3)
  3 liches
  2 walking frostbound tomes (Depths:3)
  A tentacled starspawn (Lair:5)
  An ancient champion (Crypt:2)
  A thorn hunter (Swamp:4)
  6 death cobs
  5 sphinxes
  2 tengu reavers
  Aizul (Swamp:4)
  3 storm dragons
  A draconian monk (Zot:5)
  6 deep elf sorcerers
  4 shadow dragons
  A revenant (Crypt:2)
  A fenstrider witch (Swamp:4)
  4 protean progenitors (Zot:2)
  A draconian knight (Depths:4)
  2 draconian shifters
  7 ghost moths
  4 fire giants
  2 iron dragons
  3 frost giants
  2 emperor scorpions
  A draconian scorcher (Zot:5)
  2 draconian stormcallers
  3 spriggan defenders
  6 vault wardens
  3 broodmothers
  8 ironbound preservers
  3 ghouls
  7 stone giants
  8 very ugly things
  A cacodemon (Zot:5)
  3 deep elf death magi
  4 ironbound thunderhulks
  2 black draconians
  4 green draconians
  The ghost of Ycul the Severer, a journeyman HOFi of Nemelex Xobeh (Lair:3)
  3 vampire knights
  2 deep elf demonologists
  8 deep elf annihilators
  11 dire elephants
  5 eleionomae
  6 war gargoyles
  3 purple draconians
  A lorocyproca (Depths:2)
  2 halazid warlocks (Desolation)
  6 white draconians
  6 yellow draconians
  2 spark wasps
  4 bunyips
  The ghost of Essalna the Arsonist, a journeyman DEFE of Vehumet (Lair:4)
  2 orc apostles (Spider:1)
  A ragged hierophant (Desolation)
  4 fire dragons
  A shambling mangrove (Swamp:3)
  14 jiangshi
  3 ice dragons
  6 ettins
  7 crystal guardians
  3 deep elf high priests
  A rakshasa (D:15)
  7 yaktaur captains
  10 vault guards
  6 entropy weavers
  A hell beast (Zot:5)
  Harold (Lair:2)
  4 great orbs of eyes
  3 alligators
  17 hydras
  9 ironbound frosthearts
  2 peacekeepers
  5 ogre magi
  9 servants of whispers (Desolation)
  3 radroaches
  15 centaur warriors
  A jorogumo (Spider:2)
  A spriggan air mage (Depths:3)
  4 boulder beetles
  2 catoblepae
  12 dancing weapons
  2 tengu warriors
  12 two-headed ogres
  9 death yaks
  6 demonic crawlers
  5 deep troll shamans
  4 orc high priests
  4 deep troll earth magi
  3 vampire magi
  Urug (D:13)
  8 deep elf knights
  5 spriggan berserkers
  5 hell knights
  2 skysharks (Lair:5)
  A storm dragon zombie (Crypt:2)
  A shock serpent (Spider:4)
  11 skeletal warriors
  8 iron trolls
  A shadow wraith (Crypt:3)
  A sea snake (shapeshifter) (Depths:3)
  3 sun moths
  A goliath frog (Lair:3)
  3 pharaoh ants
  10 orb spiders
  4 flayed ghosts
  6 bog bodies
  An orange crystal statue (Depths:1)
  10 swamp dragons
  23 deep trolls
  8 ironbound convokers
  3 arcanists
  4 thermic dynamos
  4 deep elf archers
  5 steelbarb worms
  8 necromancers
  Pikel (D:6)
  8 orc knights
  A phantasmal warrior (Crypt:1)
  13 deep elf pyromancers
  6 lindwurms
  16 ugly things
  15 deep elf zephyrmancers
  16 wolf spiders
  5 cyclopes
  6 orc sorcerers
  2 manticores
  A cyclops (shapeshifter) (Vaults:1)
  Maurice (D:11)
  10 moths of wrath
  6 elephants
  3 will-o-the-wisps
  A large abomination (Elf:1)
  4 meliai
  3 guardian serpents (Desolation)
  2 kobold blastminers
  2 rust devils (Lair:3)
  11 black mambas
  An ice statue (IceCv)
  8 torpor snails
  2 molten gargoyles (Desolation)
  An eye of devastation (shapeshifter) (Vaults:1)
  2 gargoyles
  6 cane toads
  A torpor snail (shapeshifter) (Vaults:5)
  13 vault sentinels
  A dire elephant skeleton (Crypt:1)
  4 orange demons
  4 rime drakes
  4 kobold demonologists
  20 yaktaurs
  2 freezing wraiths (Crypt:3)
  A golden dragon simulacrum (Depths:4)
  8 komodo dragons
  A sea snake skeleton (Crypt:2)
  A guardian mummy (Crypt:1)
  4 tengu conjurers
  An unseen horror skeleton (Crypt:2)
  A bloated husk (Swamp:1)
  A merfolk (shapeshifter) (Depths:2)
  A polar bear (Lair:4)
  A wolf spider simulacrum (D:14)
  7 tyrant leeches
  Prince Ribbit (Lair:3)
  3 blink frogs
  3 trolls
  4 hornets
  17 tarantellas
  Grinder (D:6)
  24 saltlings (Desolation)
  A glass eye (Depths:2)
  A meliai zombie (Crypt:1)
  A dream sheep (Lair:4)
  30 jumping spiders
  Sigmund (D:2)
  22 slime creatures
  A centaur simulacrum (D:14)
  A fire dragon skeleton (Crypt:1)
  21 culicivoras
  2 shadows
  The ghost of Mrcake the Magician, an amateur DEFE (D:6)
  3 spriggans
  4 water elementals
  2 wraiths
  A basilisk (shapeshifter) (Elf:1)
  3 wargs (D:10)
  4 basilisks
  23 yaks
  4 wyverns
  A fire elemental (Elf:2)
  Eustachio (D:4)
  A steam dragon (Lair:3)
  34 redbacks
  5 vampire mosquitoes
  9 swamp worms
  A tyrant leech zombie (Crypt:2)
  A neqoxec (Zot:5)
  An acid dragon (D:11)
  A death yak simulacrum (Lair:5)
  17 water moccasins
  A naga skeleton (Crypt:1)
  4 black bears
  6 swamp drakes
  8 orc warriors
  8 laughing skulls
  9 wolves
  4 small abominations (Crypt:3)
  9 ogres
  3 boggarts (Vaults:2)
  5 centaurs
  3 lemures (D:6)
  A phantom (D:4)
  8 kobold brigands
  Blork the orc (D:6)
  13 bullfrogs
  An elf zombie (Elf:1)
  2 nameless horrors
  A weeping skull (Crypt:3)
  4 gnoll sergeants
  A scorpion (D:4)
  3 earth elementals
  2 burial acolytes (Crypt:3)
  3 wights
  5 killer bees
  An elephant simulacrum (Lair:5)
  A yak skeleton (Crypt:2)
  A lindwurm simulacrum (IceCv)
  3 howler monkeys
  9 electric eels
  A bombardier beetle (D:4)
  4 komodo dragon simulacra (IceCv)
  A bullfrog zombie (Crypt:2)
  2 hounds
  2 jellies
  A gnoll bouda (D:6)
  9 orc priests
  3 human zombies (Crypt:1)
  6 orc wizards
  3 sleepcaps
  10 iguanas
  2 hell rats (Lair:3)
  2 mummies (Crypt:1)
  Robin (D:2)
  17 gnolls
  9 river rats
  5 acid dragon simulacra (IceCv)
  17 adders
  3 white imps
  2 ufetubi (D:5)
  3 dart slugs
  8 ribbon worms
  9 orcs
  11 ball pythons
  4 bats
  5 endoplasms
  2 giant cockroaches
  15 goblins
  8 hobgoblins
  3 jackals (D:2)
  5 quokkas
  2 frilled lizards
  39 kobolds
  20 rats
  2 aspiring fleshes
  2 starspawn tentacles (Lair:5)
1430 creatures vanquished.

Vanquished Creatures (collateral kills)
  Mennas (Depths:4)
  2 juggernauts
  Josephina (Depths:4)
  2 caustic shrikes (Depths:3)
  A curse toe (Zot:5)
  8 golden dragons
  Jory (Crypt:3)
  A profane servitor (Crypt:3)
  Arachne (Spider:4)
  A Brimstone Fiend (Zot:5)
  A pandemonium lord (Zot:5)
  Rupert (D:15)
  15 tentacled monstrosities
  Jorgrun (Elf:2)
  3 quicksilver dragons
  5 liches
  8 Orb Guardians (Zot:5)
  A walking divine tome (Depths:2)
  5 titans
  2 deep elf blademasters
  3 sphinxes
  5 death cobs
  2 thorn hunters (Swamp:4)
  2 ancient champions
  11 shadow dragons
  5 tengu reavers
  8 storm dragons
  Roxanne (Swamp:3)
  2 revenants
  4 draconian monks
  3 frost giants
  2 draconian scorchers
  2 protean progenitors (Zot:4)
  A deep elf elementalist (Elf:3)
  Donald (Swamp:4)
  A fire giant (Vaults:4)
  A draconian knight (Zot:3)
  4 draconian shifters
  4 emperor scorpions
  An iron dragon (Depths:4)
  2 imperial myrmidons (Desolation)
  8 vault wardens
  4 ghouls
  2 draconian stormcallers (Zot:4)
  5 very ugly things
  3 broodmothers (Spider:4)
  A ghost moth (Zot:4)
  2 orc warlords
  3 draconian annihilators
  An ironbound thunderhulk (Vaults:2)
  6 ironbound preservers
  6 stone giants
  8 black draconians
  7 green draconians
  2 deep elf demonologists
  5 red draconians
  3 bunyips
  3 vampire knights
  8 dire elephants
  3 war gargoyles
  4 deep elf death magi
  An eleionoma (Swamp:1)
  5 deep elf annihilators
  9 yellow draconians
  A spark wasp (Depths:2)
  10 purple draconians (Zot:3)
  6 white draconians
  An eidolon (Crypt:1)
  6 ettins
  A deep elf high priest (Vaults:1)
  A crystal guardian (Vaults:1)
  15 jiangshi
  2 yaktaur captains
  An entropy weaver (Spider:4)
  2 fire dragons (Depths:2)
  A shambling mangrove (Swamp:4)
  4 great orbs of eyes
  15 vault guards
  A ragged hierophant (Desolation)
  A hell beast (Zot:5)
  A servant of whispers (Desolation)
  4 rakshasas
  3 spriggan air magi
  11 hydras
  6 peacekeepers
  5 alligators
  6 centaur warriors
  2 ice dragons
  A juggernaut simulacrum (Crypt:3)
  2 catoblepae
  3 ironbound frosthearts (Vaults:2)
  3 boulder beetles
  3 death knights
  A bennu zombie (Crypt:1)
  A two-headed ogre (D:14)
  14 dancing weapons
  4 tengu warriors
  3 deep troll shamans
  3 deep troll earth magi
  2 death yaks
  2 orc high priests
  An occultist (D:14)
  A demonic crawler (Spider:4)
  5 vampire magi
  4 deep elf knights
  A spriggan berserker (Depths:2)
  4 iron trolls
  2 soul eaters
  4 hell knights (Depths:4)
  4 shadow wraiths
  Nergalle (Lair:2)
  A storm dragon skeleton (Crypt:1)
  An orc apostle (Bailey)
  11 skeletal warriors
  A sixfirhy (Zot:5)
  4 large abominations
  2 goliath frogs
  A spriggan druid (Swamp:3)
  A pharaoh ant (Spider:2)
  4 swamp dragons
  9 bog bodies
  A sun moth (Spider:3)
  2 glowing orange brains (shapeshifter)
  An obsidian statue (Zot:5)
  A spriggan simulacrum (Crypt:3)
  15 deep trolls
  4 orb spiders (Spider:4)
  A flayed ghost (Crypt:1)
  2 glowing orange brains
  4 phantasmal warriors
  2 arcanists
  9 orc knights
  An alligator zombie (Crypt:3)
  A thermic dynamo (Elf:2)
  7 ironbound convokers
  2 steelbarb worms
  2 deep elf zephyrmancers
  4 necromancers
  5 wolf spiders
  2 orc sorcerers (Orc:2)
  4 ugly things
  4 manticores
  6 deep elf pyromancers
  A stone giant zombie (Crypt:1)
  A jorogumo skeleton (Crypt:2)
  A shining eye (Zot:4)
  A cyclops (D:14)
  21 moths of wrath
  A will-o-the-wisp (Swamp:4)
  4 elephants
  A salamander (shapeshifter) (Vaults:1)
  A kobold blastminer (Orc:2)
  3 meliai
  5 black mambas
  5 vault sentinels
  An ice statue (IceCv)
  A torpor snail (Lair:5)
  A centaur skeleton (Crypt:1)
  A gargoyle (D:14)
  A kobold demonologist (D:12)
  11 komodo dragons
  A dire elephant skeleton (Crypt:3)
  An alligator snapping turtle zombie (Crypt:2)
  10 rime drakes
  2 unseen horrors
  4 freezing wraiths
  6 cane toads
  11 yaktaurs
  2 tengu conjurers (D:15)
  A grey draconian skeleton (Crypt:1)
  5 guardian mummies (Crypt:1)
  3 trolls
  A red draconian skeleton (Crypt:1)
  8 blink frogs
  20 saltlings (Desolation)
  3 tyrant leeches
  4 hornets
  A shadow dragon simulacrum (Depths:4)
  2 polar bears
  6 tarantellas
  A dream sheep (Lair:5)
  A dream sheep (shapeshifter) (Vaults:5)
  21 slime creatures
  4 shadows
  7 culicivoras
  An air elemental (Elf:3)
  7 jumping spiders
  A spriggan (Swamp:3)
  30 yaks
  2 wraiths
  2 wyverns
  A fire elemental (Elf:2)
  12 basilisks
  A human (Lair:5)
  A warg (Orc:2)
  5 vampire mosquitoes
  11 redbacks
  A death yak simulacrum (Lair:5)
  3 swamp worms
  17 water moccasins
  An acid dragon (D:11)
  10 orc warriors
  A sky beast (D:8)
  7 swamp drakes
  8 laughing skulls (Crypt:3)
  A small abomination (Zot:5)
  A black bear (D:8)
  An ogre (Orc:1)
  7 wolves
  A phantom (D:5)
  4 centaurs
  A boggart (Vaults:2)
  A hog zombie (Crypt:1)
  8 kobold brigands
  A salamander zombie (Crypt:1)
  2 elf zombies (Elf:1)
  A glowing shapeshifter simulacrum (Depths:4)
  A cane toad simulacrum (Lair:5)
  5 scorpions (Lair:3)
  3 bullfrogs
  5 wights
  2 burial acolytes (Crypt:3)
  An elephant simulacrum (Lair:5)
  4 killer bees
  2 howler monkeys (D:8)
  2 electric eels
  A crimson imp (Lair:3)
  4 komodo dragon simulacra (IceCv)
  A quasit (Lair:3)
  A human zombie (Crypt:1)
  4 orc priests
  A bullfrog skeleton (Crypt:2)
  5 hell rats
  2 iguanas (Lair:5)
  2 orc wizards
  A wolf simulacrum (Lair:5)
  A crocodile zombie (Crypt:1)
  4 mummies (Crypt:1)
  5 gnolls
  A gnoll (shapeshifter) (Vaults:1)
  3 acid dragon simulacra (IceCv)
  4 adders
  4 steam dragon simulacra (IceCv)
  3 ribbon worms (Lair:3)
  3 orcs
  A ball python (Sewer)
  7 kobolds (Bailey)
  5 rats (Sewer)
  4 aspiring fleshes
  A foxfire (Lair:5)
945 creatures vanquished.

Vanquished Creatures (others)
  An Orb Guardian (Zot:5)
  A shadow dragon (Vaults:5)
  A fire giant (Depths:3)
  2 draconian knights
  A frost giant (Depths:2)
  3 draconian scorchers
  An orc warlord (Depths:4)
  A draconian annihilator (Zot:3)
  A stone giant (Depths:4)
  A green draconian (Zot:4)
  A yellow draconian (Zot:5)
  The ghost of Stonecrops the Blocker, a journeyman FoFi of Gozag (D:12)
  3 white draconians
  4 vault guards (Vaults:5)
  A caustic shrike simulacrum (Depths:4)
  A tengu warrior (Depths:4)
  A two-headed ogre (Elf:2)
  A skeletal warrior (Crypt:3)
  An iron troll (Depths:4)
  A bog body (Crypt:1)
  32 orc apostles
  5 orc knights
  An orc sorcerer (Orc:2)
  A wolf spider (D:14)
  A yaktaur (Vaults:2)
  A bloated husk (Swamp:3)
  A tengu simulacrum (Depths:4)
  A yak (Lair:1)
  A vampire mosquito (Lair:3)
  11 orc warriors
  A lemure (D:6)
  A nameless horror (Zot:5)
  10 orc priests
  5 orc wizards
  2 river rats (Sewer)
  A dart slug (D:4)
  15 orcs
  124 foxfires
  2 spectral weapons (Lair:5)
  2 starspawn tentacles (Lair:5)
246 creatures vanquished.

Grand Total: 2621 creatures vanquished

Notes
Turn   | Place    | Note
-------+----------+-------------------------------------------
     0 | D:1      | Jannitor the Coglin Artificer began the quest for the Orb.
     0 | D:1      | Reached XP level 1. HP: 15/15 MP: 1/1
    58 | D:1      | Reached skill level 1 in Dodging
   129 | D:1      | Reached XP level 2. HP: 18/21 MP: 2/2
   275 | D:1      | Reached skill level 1 in Stealth
   488 | D:1      | Reached XP level 3. HP: 26/26 MP: 3/3
   962 | D:2      | Noticed Robin
  1272 | D:3      | Found Zurizuott's Assorted Antiques.
  1276 | D:3      | Bought a scroll labelled AFROGE EQAB for 25 gold pieces
  1563 | D:3      | Found a broken altar of Ashenzari.
  1590 | D:3      | Found a glowing drain.
  1603 | Sewer    | Entered a sewer
  1698 | Sewer    | Reached skill level 1 in Short Blades
  1698 | Sewer    | Reached XP level 4. HP: 27/32 MP: 4/4
  1739 | Sewer    | Reached skill level 1 in Maces & Flails
  2051 | Sewer    | Reached XP level 5. HP: 38/38 MP: 5/5
  2711 | D:3      | Reached skill level 5 in Evocations
  3079 | D:4      | Noticed a black bear
  3086 | D:4      | Killed a black bear
  3087 | D:4      | Reached XP level 6. HP: 31/46 MP: 6/6
  3237 | D:4      | Became a worshipper of Beogh the Shepherd
  3394 | D:2      | Killed Robin
  3395 | D:2      | Reached XP level 7. HP: 47/51 MP: 7/7
  3639 | D:2      | Noticed Sigmund
  3642 | D:2      | Killed Sigmund
  3763 | D:2      | Found a faded altar of an unknown god.
  3839 | D:2      | Found a runed translucent door.
  3840 | D:2      | Noticed Crazy Yiuf
  3894 | D:2      | Reached * piety under Beogh
  4175 | D:4      | Found a staircase to the Ecumenical Temple.
  4293 | D:4      | Noticed Eustachio
  4296 | D:4      | Killed Eustachio
  4297 | D:4      | Reached skill level 1 in Invocations
  4344 | D:4      | Reached XP level 8. HP: 50/58 MP: 8/8
  4776 | D:4      | Reached ** piety under Beogh
  4966 | D:5      | Entered Level 5 of the Dungeon
  5911 | D:6      | Noticed Pikel
  5943 | D:6      | Killed Pikel
  5944 | D:6      | Reached XP level 9. HP: 31/65 MP: 10/10
  6202 | D:6      | Noticed Blork the orc
  6597 | D:6      | Found a shadowy altar of Dithmenos.
  6751 | D:6      | Found a runed translucent door.
  6760 | D:6      | Noticed Mrcake's ghost (amateur DEFE)
  6844 | D:6      | Killed Blork the orc
  7173 | D:6      | Noticed Grinder
  7989 | D:7      | Found a radiant altar of Vehumet.
  8144 | D:7      | Reached *** piety under Beogh
  8160 | D:7      | Noticed Bogmar
  8170 | D:7      | Anointed Bogmar the priest as your apostle
  8700 | D:7      | Reached skill level 5 in Fighting
  8729 | D:8      | Reached XP level 10. HP: 70/74 MP: 12/12
  8741 | D:8      | Reached skill level 5 in Armour
  9046 | D:8      | Found a staircase to the Lair.
  9362 | D:8      | Reached skill level 5 in Short Blades
  9370 | D:8      | Reached skill level 5 in Dodging
  9472 | D:8      | Reached skill level 5 in Maces & Flails
  9543 | D:8      | Identified the +8 dagger of the Flying Fulmar {freeze,
                  | rElec rF+ rC+ Str-2}
  9543 | D:8      | Noticed Boldo
  9547 | D:8      | Anointed Boldo the wizard as your apostle
  9760 | D:8      | Found a burning altar of Makhleb.
  9760 | D:8      | Noticed a cacodemon
  9874 | D:8      | Noticed a smoke demon
  9874 | D:8      | Noticed a smoke demon
  9954 | D:9      | Found a shimmering altar of Xom.
  9982 | D:9      | Found a sacrificial altar of Ru.
 10035 | D:9      | Found a snail-covered altar of Cheibriados.
 10074 | D:9      | Reached **** piety under Beogh
 10080 | D:9      | Reached XP level 11. HP: 72/80 MP: 14/14
 10440 | D:9      | You fall into a shaft and drop 2 floors!
 10484 | D:10     | Entered Level 10 of the Dungeon
 10507 | D:10     | Found a flagged portal.
 10516 | Bailey   | Entered a bailey
 10745 | Bailey   | Found an iron altar of Okawaru.
 10755 | Bailey   | Reached ***** piety under Beogh
 10759 | Bailey   | Your ally Boldo died
 11006 | D:10     | Identified the +9 war axe of Xeliq {flame, ^Drain Will-
                  | Int+4}
 11006 | D:10     | Noticed Bogdan
 11009 | D:10     | Anointed Bogdan the priest as your apostle
 11082 | D:10     | Noticed a boulder beetle
 11097 | D:10     | Killed a boulder beetle
 11310 | D:10     | Noticed a cyclops
 11322 | D:10     | Killed a cyclops
 11456 | D:10     | Found a staircase to the Orcish Mines.
 11485 | D:10     | Your ally Bogmar died
 12049 | D:10     | Found a white marble altar of Elyvilon.
 12230 | Lair:1   | Entered Level 1 of the Lair of Beasts
 12424 | Lair:1   | Reached skill level 5 in Invocations
 12530 | Lair:1   | Reached skill level 10 in Evocations
 12536 | Lair:1   | Reached XP level 12. HP: 43/91 MP: 15/15
 13828 | Lair:2   | Learned a level 3 spell: Fugue of the Fallen
 14006 | Lair:2   | Noticed a catoblepas
 14025 | Lair:2   | Killed a catoblepas
 14491 | Lair:2   | Reached skill level 1 in Spellcasting
 14693 | Lair:2   | Noticed Nergalle
 14700 | Lair:2   | Killed Nergalle
 14716 | Lair:2   | Noticed Harold
 14731 | Lair:2   | Killed Harold
 14894 | Lair:2   | Reached XP level 13. HP: 98/98 MP: 17/17
 15546 | Lair:3   | Found a staircase to the Swamp.
 15945 | Lair:3   | Found a hole to the Spider Nest.
 16145 | Lair:3   | Noticed Prince Ribbit
 16154 | Lair:3   | Killed Prince Ribbit
 16170 | Lair:3   | Identified the +0 dagger of Tartarus {spect, rC+ Dex+3}
 16170 | Lair:3   | Noticed Nordag
 16187 | Lair:3   | Your ally Bogdan died
 16199 | Lair:3   | Anointed Nordag the wizard as your apostle
 16494 | Lair:3   | Found a large runed translucent door.
 16494 | Lair:3   | Found a large runed translucent door.
 16495 | Lair:3   | Noticed Ycul's ghost (journeyman HOFi)
 16556 | Lair:3   | Your ally Nordag died
 17468 | Lair:3   | Found the +8 whip "Snakebite" {venom, curare, rPois}
 18287 | Lair:4   | Noticed Essalna's ghost (journeyman DEFE)
 18292 | Lair:4   | Found a transporter.
 18304 | Lair:4   | Reached XP level 14. HP: 90/108 MP: 19/19
 18326 | Lair:4   | Acquired a cryoturbine Ver.22 {AutoDazzle, rPois rF+ rCorr}
 18596 | Lair:4   | Found a staircase to the Slime Pits.
 18596 | Lair:4   | Found a viscous altar of Jiyva.
 18707 | Lair:4   | Found a transporter.
 19018 | Lair:5   | Entered Level 5 of the Lair of Beasts
 19076 | Lair:5   | Found a frozen archway.
 19395 | IceCv    | Entered an ice cave
 19636 | IceCv    | Identified the staff of Vooc {rElec rN+ Will- rCorr Conj
                  | Necro}
 19674 | IceCv    | Identified the ring "Lugg" {rN+ Str+4 Int+6}
 20301 | Lair:5   | Anointed Horkud the priest as your apostle
 20725 | Lair:5   | Your ally Bogdan died
 20825 | Lair:5   | Noticed a dire elephant
 20838 | Lair:5   | Killed a dire elephant
 20843 | Lair:5   | Reached XP level 15. HP: 86/115 MP: 22/22
 21211 | Lair:5   | Found a runed translucent door.
 21221 | Lair:5   | Noticed a tentacled starspawn
 21237 | Lair:5   | Reached skill level 10 in Fighting
 21325 | Lair:5   | Reached skill level 5 in Spellcasting
 21340 | Lair:5   | Your ally Bogmar died
 22029 | Orc:1    | Entered Level 1 of the Orcish Mines
 22470 | Orc:1    | Learned a level 4 spell: Anguish
 22668 | Orc:1    | Found Wechung's Magic Scroll Boutique.
 22671 | Orc:1    | Bought a scroll of enchant armour for 112 gold pieces
 22671 | Orc:1    | Bought a scroll of enchant weapon for 112 gold pieces
 22671 | Orc:1    | Bought a scroll of poison for 60 gold pieces
 22784 | Orc:2    | Entered Level 2 of the Orcish Mines
 22947 | Orc:2    | Noticed Saint Roka
 23283 | Orc:2    | Pacified Saint Roka
 23391 | Orc:2    | Found a staircase to the Elven Halls.
 23562 | Orc:2    | Found Gapipoty's Antique Weapon Boutique.
 23694 | Orc:2    | Your ally Bogdan died
 23696 | Orc:2    | Reached skill level 1 in Necromancy
 23828 | Orc:2    | Reached skill level 1 in Staves
 23850 | Orc:2    | Found Niomes Hiwi's Assorted Antiques.
 23851 | Orc:2    | Found Wugeh's Magic Scroll Emporium.
 23856 | Orc:2    | Found Heugidyf's Magic Scroll Emporium.
 23858 | Orc:2    | Bought a scorched whip for 225 gold pieces
 23858 | Orc:2    | Identified the +11 whip of Eternal Harmony {flame, rPois
                  | rN+ rCorr} (You bought it in a shop on level 2 of the
                  | Orcish Mines)
 23861 | Orc:2    | Bought a scroll of enchant armour for 112 gold pieces
 23861 | Orc:2    | Bought a scroll of blinking for 112 gold pieces
 23861 | Orc:2    | Bought a scroll of butterflies for 60 gold pieces
 23869 | Orc:2    | Bought a scroll of teleportation for 45 gold pieces
 23869 | Orc:2    | Bought a scroll of teleportation for 45 gold pieces
 23872 | Orc:2    | Bought a silver wand for 92 gold pieces
 23872 | Orc:2    | Bought a wand of mindburst (5) for 161 gold pieces
 24639 | D:11     | Noticed Maurice
 24645 | D:11     | Killed Maurice
 25057 | D:12     | Found a runed translucent gate.
 25059 | D:12     | Found a runed translucent gate.
 25059 | D:12     | Noticed Stonecrops's ghost (journeyman FoFi)
 25060 | D:12     | Found a runed translucent gate.
 25525 | D:13     | Found Emeorok's Antique Armour Shop.
 25540 | D:13     | Bought a runed cloak for 217 gold pieces
 25540 | D:13     | Bought a pair of crude gloves for 275 gold pieces
 25540 | D:13     | Identified the +1 pair of gloves "Fulaohid" {Will++} (You
                  | bought it in a shop on level 13 of the Dungeon)
 25610 | D:13     | Noticed Urug
 25616 | D:13     | Killed Urug
 26256 | D:14     | Reached XP level 16. HP: 97/124 MP: 24/24
 26351 | D:14     | Anointed Alork the priest as your apostle
 26491 | D:14     | Got the Book of Injury and Alteration
 26678 | D:14     | Found a gate to the Vaults.
 27082 | D:15     | Entered Level 15 of the Dungeon
 27356 | D:15     | Noticed Rupert
 27366 | D:15     | Killed Rupert
 27630 | D:15     | Reached skill level 10 in Maces & Flails
 27660 | D:15     | Found a staircase to the Depths.
 27717 | D:15     | Reached skill level 10 in Dodging
 28341 | D:15     | Found a portal to a secret trove of treasure.
 28344 | D:15     | You paid a toll of 4 scrolls of blinking to enter a
                  | treasure trove
 28345 | Trove    | Entered a treasure trove
 28364 | Trove    | Identified the +0 pair of gloves of Deemn {rF+ Str+3 Dex+2}
 28370 | Trove    | Identified the +7 dagger "Huoteshu" {protect, MP+9}
 28371 | Trove    | Identified the +1 robe "Forget-Me-Not" {+Blink Fly Will-
                  | Stlth+}
 28688 | Spider:1 | Entered Level 1 of the Spider Nest
 28699 | Spider:1 | Your ally Alork died
 28704 | Spider:1 | Your ally Horkud died
 28708 | Spider:1 | Your ally Bogdan died
 29501 | Spider:1 | Reached XP level 17. HP: 83/131 MP: 27/27
 29612 | Spider:1 | Reached skill level 5 in Necromancy
 30100 | Spider:2 | Your ally Alork died
 30149 | Spider:2 | Identified the +3 hand axe of Foolhardiness {drain, rElec
                  | rC++}
 30162 | Spider:2 | Anointed Arkwar the priest as your apostle
 30194 | Spider:2 | Reached skill level 15 in Evocations
 30349 | Spider:2 | Reached skill level 5 in Staves
 30352 | Spider:2 | Your ally Arkwar died
 30512 | Spider:2 | Reached ****** piety under Beogh
 31016 | Spider:3 | Your ally Bogdan died
 31737 | Spider:3 | Found a large runed translucent door.
 31737 | Spider:3 | Found a large runed translucent door.
 32133 | Spider:3 | Your ally Horkud died
 32492 | Spider:4 | Entered Level 4 of the Spider Nest
 33272 | Spider:4 | Noticed Arachne
 33286 | Spider:4 | Killed Arachne
 33526 | Spider:4 | Reached XP level 18. HP: 60/140 MP: 25/29
 33830 | Spider:4 | Got a gossamer rune of Zot
 34852 | Swamp:1  | Entered Level 1 of the Swamp
 34891 | Swamp:1  | Anointed Alork the priest as your apostle
 35078 | Swamp:1  | Reached skill level 10 in Invocations
 35235 | Swamp:1  | Identified the +2 war axe of Lorghac {flame, Int+3 Dex+5}
 35452 | Swamp:1  | Noticed a tentacled monstrosity
 35464 | Swamp:1  | Killed a tentacled monstrosity
 35789 | Swamp:2  | Identified the +6 chain mail of a treasure trove {rPois
                  | Int-4 Slay+5}
 35874 | Swamp:2  | Learned a level 4 spell: Vhi's Electric Charge
 36283 | Swamp:3  | Reached skill level 1 in Translocations
 36290 | Swamp:3  | Reached skill level 1 in Air Magic
 36463 | Swamp:3  | Noticed Roxanne
 36478 | Swamp:3  | Killed Roxanne
 36620 | Swamp:4  | Entered Level 4 of the Swamp
 36670 | Swamp:4  | Identified the +5 robe of Absence {*Slow rElec Str+3}
 36670 | Swamp:4  | Noticed Donald
 36678 | Swamp:4  | Killed Donald
 36829 | Swamp:4  | Reached XP level 19. HP: 148/148 MP: 31/31
 36940 | Swamp:4  | Identified the serpent talisman "Per Oshri" {rElec rN+
                  | Dex-4 SInv}
 36940 | Swamp:4  | Noticed Aizul
 36949 | Swamp:4  | Your ally Arkwar died
 36951 | Swamp:4  | Reached skill level 2 in Air Magic
 36955 | Swamp:4  | Killed Aizul
 36979 | Swamp:4  | Your ally Alork died
 37216 | Swamp:4  | Got a decaying rune of Zot
 37783 | Vaults:1 | Entered Level 1 of the Vaults
 38253 | Vaults:1 | Reached skill level 1 in Hexes
 38255 | Vaults:1 | Reached skill level 3 in Air Magic
 38381 | Vaults:1 | Noticed a golden dragon
 38394 | Vaults:1 | Killed a golden dragon
 38515 | Vaults:1 | Noticed a golden dragon
 38537 | Vaults:1 | Killed a golden dragon
 38971 | Vaults:1 | Your ally Arkwar died
 39172 | Vaults:1 | Your ally Alork died
 40213 | Vaults:2 | Reached XP level 20. HP: 157/157 MP: 31/33
 40334 | Vaults:2 | Found a staircase to the Crypt.
 40334 | Vaults:2 | Found an ancient bone altar of Kikubaaqudgha.
 40334 | Vaults:2 | Found a basalt altar of Yredelemnul.
 40422 | Vaults:2 | Reached skill level 4 in Air Magic
 40568 | Vaults:2 | Noticed Mara
 40574 | Vaults:2 | Noticed Jannitor's illusion
 40667 | Vaults:2 | Noticed Jannitor's illusion
 40669 | Vaults:2 | Killed Mara
 41153 | Vaults:2 | Reached skill level 5 in Translocations
 41656 | Vaults:2 | Found a transporter.
 41656 | Vaults:2 | Found a transporter.
 41660 | Vaults:2 | Found a bloodstained altar of Trog.
 41669 | Vaults:2 | Noticed Adoajy's ghost (adept DsWr)
 41746 | Vaults:2 | Noticed Nikola
 41752 | Vaults:2 | Killed Nikola
 41991 | Vaults:3 | Found a crumbling gateway.
 42037 | Desolati | Entered the Desolation of Salt
 42279 | Desolati | Reached skill level 5 in Air Magic
 42284 | Desolati | Your ally Alork died
 42408 | Desolati | Identified the ring of Tol Dierph {rN+ Will- Str+5 Dex+3}
 42423 | Desolati | Identified the ring "Baof" {rF+ Will+ Int+4 SInv}
 42424 | Desolati | Identified the ring of New Discoveries {Wiz rF- Int+8}
 42710 | Desolati | Found the brooch of Shielding {Spirit SH+8}
 42725 | Desolati | Got the Vellum of the Union and Refrigeration
 42837 | Desolati | Identified the amulet "Ydoadghy" {Spirit rElec rC++ rN+
                  | Will-}
 42852 | Desolati | Identified the +0 scale mail of Nikkydau {Str+4 Int+5
                  | Stlth-}
 42865 | Desolati | Got Sif Muna's Omnibus of the Frog
 42880 | Desolati | Got Sif Muna's Annotations on the Refulgent Vector
 42883 | Desolati | Identified the +10 mace "Ruebull" {spect, +Blink Str+5}
 43288 | Vaults:3 | Reached XP level 21. HP: 106/165 MP: 29/34
 43997 | Vaults:3 | Your ally Arkwar died
 44005 | Vaults:3 | Your ally Alork died
 44272 | Vaults:3 | Noticed Xtahua
 44296 | Vaults:3 | Killed Xtahua
 44469 | Vaults:3 | Reached skill level 10 in Armour
 44618 | Vaults:3 | Reached skill level 10 in Spellcasting
 44914 | Vaults:4 | Found a huge runed translucent gate.
 44914 | Vaults:4 | Found a huge runed translucent gate.
 44914 | Vaults:4 | Found a huge runed translucent gate.
 44914 | Vaults:4 | Found a huge runed translucent gate.
 44914 | Vaults:4 | Found a huge runed translucent gate.
 44914 | Vaults:4 | Found a huge runed translucent gate.
 44914 | Vaults:4 | Found a huge runed translucent gate.
 44914 | Vaults:4 | Found a huge runed translucent gate.
 44914 | Vaults:4 | Found a huge runed translucent gate.
 44915 | Vaults:4 | Found a huge runed translucent gate.
 44915 | Vaults:4 | Found a huge runed translucent gate.
 44915 | Vaults:4 | Found a huge runed translucent gate.
 44915 | Vaults:4 | Found a huge runed translucent gate.
 44917 | Vaults:4 | Found a huge runed translucent gate.
 44918 | Vaults:4 | Found a huge runed translucent gate.
 44918 | Vaults:4 | Found a huge runed translucent gate.
 44922 | Vaults:4 | Found a huge runed translucent gate.
 44923 | Vaults:4 | Found a huge runed translucent gate.
 44924 | Vaults:4 | Found a huge runed translucent gate.
 44925 | Vaults:4 | Found a huge runed translucent gate.
 44925 | Vaults:4 | Found a huge runed translucent gate.
 44962 | Vaults:4 | Found a huge runed translucent gate.
 44963 | Vaults:4 | Found a huge runed translucent gate.
 44964 | Vaults:4 | Found a huge runed translucent gate.
 44964 | Vaults:4 | Found a huge runed translucent gate.
 44966 | Vaults:4 | Found a huge runed translucent gate.
 44967 | Vaults:4 | Found a huge runed translucent gate.
 44968 | Vaults:4 | Found a huge runed translucent gate.
 44969 | Vaults:4 | Found a huge runed translucent gate.
 44969 | Vaults:4 | Found a huge runed translucent gate.
 44972 | Vaults:4 | Reached skill level 6 in Air Magic
 44983 | Vaults:4 | Your ally Horkud died
 45032 | Vaults:4 | Reached skill level 10 in Necromancy
 45616 | Vaults:4 | Found a huge runed translucent gate.
 45616 | Vaults:4 | Found a huge runed translucent gate.
 45616 | Vaults:4 | Found a huge runed translucent gate.
 45617 | Vaults:4 | Found a huge runed translucent gate.
 45618 | Vaults:4 | Found a huge runed translucent gate.
 45619 | Vaults:4 | Found a huge runed translucent gate.
 45769 | Vaults:4 | Anointed Norbak the warrior as your apostle
 45914 | Vaults:4 | Your ally Alork died
 46597 | Vaults:4 | Noticed a golden dragon
 46597 | Vaults:4 | Noticed a dread lich
 46597 | Vaults:4 | Noticed a golden dragon
 46774 | Vaults:4 | Killed a golden dragon
 47251 | Vaults:4 | Killed a dread lich
 47585 | Elf:1    | Entered Level 1 of the Elven Halls
 47693 | Elf:1    | Your ally Alork died
 47694 | Elf:1    | Reached XP level 22. HP: 131/173 MP: 32/36
 47959 | Elf:1    | Your ally Horkud died
 47973 | Elf:1    | Got the Compendium of the Crypt
 48066 | Elf:1    | Noticed a profane servitor
 48075 | Elf:1    | Found a transporter.
 48085 | Elf:1    | Found a one-way gate to the infinite horrors of the Abyss.
 48098 | Elf:1    | Found an ancient bone altar of Kikubaaqudgha.
 48099 | Elf:1    | Found a transporter.
 48669 | Elf:1    | Learned a level 2 spell: Lesser Beckoning
 49229 | Elf:2    | Found a huge runed translucent gate.
 49229 | Elf:2    | Found a huge runed translucent gate.
 49229 | Elf:2    | Found a huge runed translucent gate.
 49229 | Elf:2    | Found a huge runed translucent gate.
 49235 | Elf:2    | Found a huge runed translucent gate.
 49522 | Elf:2    | Noticed Zenata
 49534 | Elf:2    | Killed Zenata
 49542 | Elf:2    | Identified the +4 ring mail of Ru's Righteous Anger {Regen+
                  | Int+5}
 49657 | Elf:2    | Noticed Jorgrun
 49668 | Elf:2    | Killed Jorgrun
 50211 | Elf:2    | HP: 4/174 [+2 long sword of protection (6)]
 50699 | Lair:4   | Killed Essalna's ghost
 50959 | D:6      | Killed Mrcake's ghost
 51023 | D:6      | Killed Grinder
 51168 | D:12     | Killed Stonecrops's ghost
 51180 | D:12     | Reached skill level 7 in Air Magic
 51450 | Lair:3   | Killed Ycul's ghost
 52313 | Elf:1    | Noticed Luokh's ghost (adept GrMo)
 52652 | Elf:2    | Reached skill level 15 in Fighting
 52947 | Elf:3    | Entered Level 3 of the Elven Halls
 52997 | Elf:3    | Found a flickering gateway to a bazaar.
 53005 | Bazaar   | Entered a bazaar
 53006 | Bazaar   | Found Nearem's Distillery.
 53006 | Bazaar   | Found Ozesoa's Magic Scroll Shop.
 53007 | Bazaar   | Found Utok's Armour Emporium.
 53038 | Bazaar   | Found Seig's General Store.
 53057 | Bazaar   | Bought a potion of resistance for 120 gold pieces
 53057 | Bazaar   | Bought a potion of curing for 36 gold pieces
 53057 | Bazaar   | Bought a potion of heal wounds for 60 gold pieces
 53057 | Bazaar   | Bought a potion of heal wounds for 60 gold pieces
 53072 | Bazaar   | Bought a +1 pair of boots of flying for 264 gold pieces
 53085 | Bazaar   | Bought the +3 robe of Clouds {*Thunder rCloud rElec} for
                  | 475 gold pieces
 53085 | Bazaar   | Found the +3 robe of Clouds {*Thunder rCloud rElec}
 53100 | Bazaar   | Bought a scroll of teleportation for 36 gold pieces
 53100 | Bazaar   | Bought a scroll of fog for 48 gold pieces
 53100 | Bazaar   | Bought 2 scrolls of teleportation for 72 gold pieces
 53100 | Bazaar   | Bought a scroll of teleportation for 36 gold pieces
 53100 | Bazaar   | Bought a scroll of blinking for 90 gold pieces
 54119 | Elf:3    | Identified the +1 great sword of the Five Beasts {freeze,
                  | *Noise Will+++}
 54324 | Elf:3    | Identified the +9 executioner's axe "Vaet" {vamp, Fly}
 54342 | Elf:3    | Anointed Olfrun the warrior as your apostle
 54359 | Elf:3    | Paralysed by an air elemental for 1 turns
 55025 | Elf:3    | Identified the staff "Oseson" {*Slow rElec rC+ rN+++ Air}
 55037 | Elf:3    | Got the Cyclopedia of the Parallel Union
 55545 | Depths:1 | Entered Level 1 of the Depths
 55556 | Depths:1 | Found a one-way gateway to a ziggurat.
 55896 | Depths:1 | Found an ancient bone altar of Kikubaaqudgha.
 55910 | Depths:1 | Learned a level 4 spell: Airstrike
 56285 | Depths:1 | Found a gateway to Hell.
 56366 | Depths:1 | Found a one-way gate leading to the halls of Pandemonium.
 56375 | Depths:1 | Reached XP level 23. HP: 150/181 MP: 35/38
 56633 | Depths:1 | Your ally Olfrun died
 57993 | Depths:2 | Noticed a juggernaut
 58003 | Depths:2 | Killed a juggernaut
 58004 | Depths:2 | Reached skill level 8 in Air Magic
 58535 | Depths:2 | Your ally Olfrun died
 58546 | Depths:2 | Identified the amulet of Xaticy {Acrobat rN+ rCorr}
 58550 | Depths:2 | Noticed a golden dragon
 58557 | Depths:2 | Found a snail-covered altar of Cheibriados.
 58557 | Depths:2 | Killed a golden dragon
 58566 | Depths:2 | Identified the -1 pair of boots of the Moon Troll {Will++
                  | Str-2}
 59208 | Depths:3 | Noticed a juggernaut
 59224 | Depths:3 | Killed a juggernaut
 60090 | Depths:3 | Noticed a caustic shrike
 60098 | Depths:3 | Killed a caustic shrike
 60103 | Depths:3 | Identified the +6 dire flail of Intuition {speed, ^Drain
                  | rF+++ rCorr Dex+5}
 60107 | Depths:3 | Noticed a juggernaut
 60117 | Depths:3 | Killed a juggernaut
 60593 | Depths:3 | Noticed a caustic shrike
 60599 | Depths:3 | Killed a caustic shrike
 60920 | Depths:3 | Reached XP level 24. HP: 191/191 MP: 38/38
 60952 | Depths:3 | Identified the +9 dagger of Gaigyker {freeze, *Slow rElec
                  | Will- Int+7}
 61027 | Depths:3 | Found Puniovy's Orb Outfitters.
 61419 | Depths:4 | Entered Level 4 of the Depths
 61419 | Depths:4 | Noticed a caustic shrike
 61420 | Depths:4 | Noticed a caustic shrike
 61422 | Depths:4 | Noticed a caustic shrike
 61428 | Depths:4 | Killed a caustic shrike
 61428 | Depths:4 | Noticed a caustic shrike
 61429 | Depths:4 | Your ally Horkud died
 62307 | Depths:4 | Your ally Olfrun died
 62308 | Depths:4 | Noticed Mennas
 62322 | Depths:3 | Killed a caustic shrike
 62632 | Depths:3 | Reached skill level 9 in Air Magic
 63252 | Depths:4 | Found Toroh's Weapon Shop.
 63255 | Depths:4 | Identified the ring "Lyczatt" {Ice ^Drain rN+ Will+ SInv}
 63255 | Depths:4 | Noticed Josephina
 63263 | Depths:4 | Found Haymaczau's Antique Weapon Boutique.
 63263 | Depths:4 | Found Goumis's Magic Scroll Shop.
 63616 | Depths:4 | Your ally Norbak died
 63963 | Depths:4 | Killed a caustic shrike
 64426 | Depths:3 | Upgraded the game from 0.32-a0-585-gef4fe23122 to
                  | 0.32-a0-599-gba8f9cf90e
 64469 | Depths:4 | Killed Josephina
 64567 | Depths:4 | Found a gate to the Realm of Zot.
 64589 | Depths:4 | Found Kurastri's Book Boutique.
 64844 | Depths:4 | Bought a book of Necromancy for 646 gold pieces
 64849 | Depths:4 | Learned a level 4 spell: Martyr's Knell
 64858 | Depths:4 | Bought a scroll of teleportation for 54 gold pieces
 64858 | Depths:4 | Bought a scroll of teleportation for 54 gold pieces
 65073 | Depths:4 | Killed a caustic shrike
 65371 | Depths:4 | Killed Mennas
 65810 | Depths:4 | Identified the granite talisman of the Watchman {rF- Will+
                  | Str+4 SInv}
 66241 | Vaults:5 | Entered Level 5 of the Vaults
 66248 | Vaults:5 | Your ally Horkud died
 66376 | Vaults:5 | Identified the +7 trident "Qiecich" {drain, Int-4 Dex+4
                  | SInv}
 66550 | Vaults:5 | Identified the +5 scale mail of Inference {Int+3 Stlth+}
 66617 | Vaults:5 | Got a silver rune of Zot
 66656 | Vaults:5 | Got Foqithrikk's Lessons on Force and Ashes
 66705 | Vaults:5 | Identified the +12 bardiche "Suryucs" {venom, Int+3}
 66705 | Vaults:5 | Identified the amulet of Elyvilon's Esteem {Faith rPois
                  | Will++}
 66896 | Vaults:5 | Reached XP level 25. HP: 112/199 MP: 18/39
 67013 | Vaults:5 | Reached skill level 15 in Dodging
 67333 | Vaults:5 | Reached skill level 10 in Air Magic
 67355 | Vaults:5 | Identified the +9 falchion "Itheo" {protect, rPois rF+}
 67520 | Vaults:4 | Anointed Wargrak the warrior as your apostle
 67824 | Vaults:5 | Identified the staff of Peace {Str-5 Dex+5 Earth Alchemy}
 68117 | Vaults:5 | Found the +3 Mad Mage's Maulers {Infuse+∞ VampMP -Cast}
 68956 | Zot:1    | Entered Level 1 of the Realm of Zot
 68995 | Zot:1    | Got the Incunable of Crystalline Toxins
 69008 | Zot:1    | Learned a level 8 spell: Maxwell's Capacitive Coupling
 69422 | Crypt:1  | Entered Level 1 of the Crypt
 69478 | Crypt:1  | Reached skill level 11 in Air Magic
 70628 | Crypt:2  | Reached skill level 12 in Air Magic
 71531 | Crypt:2  | Reached skill level 13 in Air Magic
 72006 | Crypt:3  | Entered Level 3 of the Crypt
 72551 | Crypt:3  | Found a basalt altar of Yredelemnul.
 72581 | Crypt:3  | Reached skill level 14 in Air Magic
 72808 | Crypt:3  | Reached XP level 26. HP: 207/207 MP: 39/39
 73066 | Crypt:3  | Identified the +1 hand axe of Classification {elec, rC+ rN+
                  | Stlth+}
 73080 | Crypt:3  | Anointed Hilgar the priest as your apostle
 73455 | Crypt:3  | Found the +7 mace of Variability {chaos, chaos arc}
 73630 | Crypt:3  | Found a staircase to the Tomb.
 73630 | Crypt:3  | Noticed Jory
 73634 | Crypt:3  | Killed Jory
 73647 | Crypt:3  | Identified the +3 helmet of the Sun {rElec Int+2}
 73842 | Crypt:3  | Reached skill level 15 in Air Magic
 73847 | Crypt:3  | Noticed Sojobo
 73856 | Crypt:3  | Killed Sojobo
 73858 | Crypt:3  | Your ally Olfrun died
 74095 | Crypt:3  | Identified the ring of the Distant Future {rC+ rN++ Str+3
                  | Stlth-}
 74674 | Zot:1    | Identified the +0 leather armour of Yvomex {Harm}
 74936 | Zot:1    | Reached skill level 16 in Air Magic
 75037 | Zot:1    | Found a runed translucent gate.
 75037 | Zot:1    | Found a runed translucent gate.
 75037 | Zot:1    | Found a runed translucent gate.
 75038 | Zot:1    | Noticed Kyph's ghost (legendary MiBe)
 75530 | Zot:2    | Identified the +10 chain mail of Ownolo {^Contam Rampage
                  | rCorr Dex-3 Slay+3}
 76012 | Zot:2    | Reached skill level 17 in Air Magic
 76197 | Zot:2    | Noticed a dread lich
 76198 | Zot:2    | Noticed Fiolioss's ghost (master OnFi)
 76200 | Zot:2    | Noticed an ancient lich
 76201 | Zot:2    | Noticed an ancient lich
 76805 | Zot:2    | Found a transporter.
 76812 | Zot:2    | Found a transporter.
 76934 | Zot:3    | Found an opulent altar of Gozag.
 77638 | Zot:3    | Reached skill level 18 in Air Magic
 78372 | Zot:3    | Reached XP level 27. HP: 213/213 MP: 36/39
 78651 | Zot:3    | Reached skill level 19 in Air Magic
 78903 | Zot:3    | Found an opulent altar of Gozag.
 79165 | Zot:3    | Found an opulent altar of Gozag.
 80454 | Zot:4    | Reached skill level 20 in Air Magic
 81078 | Zot:4    | Found an opulent altar of Gozag.
 81337 | Zot:5    | Entered Level 5 of the Realm of Zot
 82302 | Zot:5    | Noticed an orb of fire
 82304 | Zot:5    | Noticed an ancient lich
 82307 | Zot:5    | Killed an orb of fire
 82312 | Zot:5    | Noticed a dread lich
 82313 | Zot:5    | Killed an ancient lich
 82314 | Zot:5    | Reached skill level 21 in Air Magic
 82317 | Zot:5    | Killed a dread lich
 82765 | Zot:5    | Noticed a dread lich
 82771 | Zot:5    | Killed a dread lich
 82831 | Zot:5    | Noticed an orb of fire
 82845 | Zot:5    | Killed an orb of fire
 82896 | Zot:5    | Noticed an orb of fire
 82914 | Zot:5    | Your ally Hilgar died
 82915 | Zot:5    | Your ally Olfrun died
 82918 | Zot:5    | Killed an orb of fire
 83255 | Zot:5    | Noticed an orb of fire
 83267 | Zot:5    | Killed an orb of fire
 83680 | Zot:5    | Reached skill level 22 in Air Magic
 84045 | Zot:5    | Noticed an orb of fire
 84054 | Zot:5    | Killed an orb of fire
 84066 | Zot:5    | Noticed an orb of fire
 84068 | Zot:5    | Killed an ancient lich
 84073 | Zot:5    | Killed an orb of fire
 85284 | Zot:5    | Noticed an orb of fire
 85289 | Zot:5    | Killed an orb of fire
 85542 | Zot:5    | Reached skill level 23 in Air Magic
 85556 | Zot:5    | Gained mutation: You are vulnerable to cold. (rC-)
                  | [mutagenic glow]
 85732 | Zot:5    | Lost mutation: You are vulnerable to cold. (rC-) [potion of
                  | mutation]
 85732 | Zot:5    | Gained mutation: You are agile. (Dex +4, Str/Int -1)
                  | [potion of mutation]
 85746 | Zot:5    | Noticed a dread lich
 85753 | Zot:5    | Killed a dread lich
 87422 | Zot:5    | Got the Orb of Zot
 87439 | Zot:5    | Noticed Hium the pandemonium lord
 87443 | Zot:5    | Your ally Olfrun died
 87443 | Zot:5    | Killed Hium the pandemonium lord
 87980 | D:$      | Escaped with the Orb!

Illustrated notes

Levels and vault maps discovered:
D:1:      onia_arrival_mini_maze, layout_rooms, minmay_misc_feat_tiny
D:2:      minmay_wonky_spiral, layout_rooms,
          shapermc_ecumenical_altar_totnotflames, uniq_crazy_yiuf_cottage,
          uniq_robin, uniq_sigmund
D:3:      layout_basic, mainiacjoe_overflow_small_starburst,
          cheibrodos_sewer_entry_bend, serial_shops, nicolae_diamond_shop
D:4:      layout_loops_cross, minmay_temple_entry_wispy,
          hangedman_decor_diamond_cutter, uniq_eustachio
D:5:      layout_basic
D:6:      layout_basic, mainiacjoe_overflow_alcove_1, ebering_ghost_sewer_d,
          serial_bayou_lagoon_b, uniq_grinder, uniq_blork_the_orc, uniq_pikel
D:7:      layout_rooms, vehumet_crystals
D:8:      layout_cave_pools, makhleb_altar_promises_db, minmay_lair_entry_grove
D:9:      layout_small_grid, mainiacjoe_overflow_cross_hatched,
          mainiacjoe_overflow_large_starburst
D:10:     layout_loops_ring, general_overflow_altar, david_orc_1_choice,
          enter_bailey_2
D:11:     layout_long_grid, uniq_maurice
D:12:     layout_loops_ring, gammafunk_ghost_nasty_kobolds
D:13:     layout_rooms, serial_shops, shop, uniq_urug
D:14:     hangedman_cross_veins, layout_basic, david_vaults_2
D:15:     gammafunk_enter_depths_forms, layout_loops_corners,
          trove_entry_hex_spiral, minmay_diced_spiral, uniq_rupert
Lair:1:   layout_gridlike, st_stairs_6, disabler_island, serial_bayou_shore_a,
          grunt_megastairs_3
Lair:2:   layout_hall_layers, serial_bayou, serial_bayou_ford_a,
          serial_bayou_pond_c, serial_bayou_pond_b, serial_bayou_pond_b,
          amcnicky_mini_pool_medium, uniq_nergalle, uniq_harold
Lair:3:   minmay_guarded_unrand_snakebite, layout_cave_shapes,
          minmay_swamp_entry_swarm, nicolae_spider_entry_non_spiders,
          ebering_ghost_disaster_area, lemuel_fruit_fields, uniq_prince_ribbit2
Lair:4:   layout_gridlike, slime_entry_1, nzn_ghost_randoct
Lair:5:   guppyfry_lair_end_dragon, layout_long_grid, hangedman_lair_in_review,
          portal_ice_cave_entry_ice_simulacra, pdpol_lair_cabin_in_the_woods
Swamp:1:  cheibrodos_swamp_monstrosity, layout_falls_marsh,
          hangedman_swamp_ruin_wall, swamp_pool_4, infiniplex_staircase_pool
Swamp:2:  layout_falls_marsh, evilmike_swamp_ruin_rubble_2
Swamp:3:  layout_basic_swamp, evilmike_swamp_ruin_rubble_1, uniq_roxanne
Swamp:4:  swamp_basic_johnstein, layout_basic_swamp, uniq_donald, uniq_aizul
Spider:1: layout_spider_delve
Spider:2: nicolae_spider_hilbert_zone_5 [nicolae_spider_hilbert_3_sides_1_open,
          nicolae_spider_hilbert_4_sides_1_open,
          nicolae_spider_hilbert_4_sides_1_open,
          nicolae_spider_hilbert_6_sides_1_open,
          nicolae_spider_hilbert_6_sides_1_open]
Spider:3: layout_spider_delve, spiders_nest_the_unseen
Spider:4: guppyfry_spider_rune, drop_trap, nicolae_spider_webs_and_nodes,
          uniq_arachne
Orc:1:    layout_diamond_mine, serial_shops, nicolae_shop_rolled_up
Orc:2:    st_orc_elflike, layout_diamond_mine, uniq_saint_roka
Elf:1:    nicolae_elf_arrival_no_cutting_in_line, layout_gridlike,
          gammafunk_ghost_abyssal_escape, basic_altar, minmay_elf_necromancy
Elf:2:    elven_hall_of_blades_hangedman_alternative [grunt_blade_entry_basic],
          layout_gridlike, special_room [special_room_orc], uniq_jorgrun,
          uniq_zenata
Elf:3:    grunt_elf_hall_diamonds, layout_onion_city, serial_shops,
          bzr_entry_lakeside
Vaults:1: v_misc_5, dpeg_index_elf_rogue_hall,
          nicolae_vaults_offset_grid_hallway_3, vaults_mumra_minichess,
          nicolae_vaults_weapon_check, nicolae_vaults_diamond_1,
          nicolae_vaults_trapezoid_lopsided_1, layout_vaults_omnigrid
Vaults:2: gammafunk_ghost_wrathful_warriors,
          nicolae_vaults_offset_grid_hallway_2, v_rooms_3,
          minmay_crypt_entry_necro_gods, v_misc_25, hangedman_vaults_pinch,
          grunt_vaults_trifunnel, v_misc_27, nicolae_vaults_network_periphery,
          nicolae_vaults_three_branches, layout_vaults_ring, uniq_nikola,
          uniq_mara
Vaults:3: portal_desolation_entry_twin_temple, hangedman_vaults_capsules,
          v_rooms_1, ontoclasm_vaults_ring_square, v_misc_10,
          nicolae_vaults_little_squares_1, hangedman_vaults_locks,
          nicolae_vaults_storage_closets_2, vaults_room_pool,
          nicolae_vaults_mini_display_case, nicolae_vaults_trapezoid_2,
          layout_vaults_big_room, uniq_xtahua
Vaults:4: hangedman_vaults_variations, door_vault, v_misc_26,
          nicolae_vaults_prndl, hangedman_vaults_restitches,
          nicolae_vaults_surprise_closet, ontoclasm_vaults_claustrophobia,
          nicolae_vaults_little_squares_6, nicolae_vaults_sealed_display,
          nicolae_vaults_diamond_1, vaults_room_pool, layout_vaults_omnicross
Vaults:5
Crypt:1:  layout_regular_city, corexii_leaking_fountain, st_burial_chamber,
          grunt_crypt_arrival_guarded_gate
Crypt:2:  layout_regular_city, nicolae_crypts_crumbling_nooks
Crypt:3:  grunt_crypt_end_deaths_head, uniq_sojobo
Depths:1: layout_honeycomb, enter_ziggurat_a, nicolae_twisty_statue_hallways,
          hell_entry, pan_entry, minivault_16, kiku_gazebo_pond_becter
Depths:2: pf_snail_temple, layout_cave_pools, kennysheep_nondescript, pan_entry,
          hell_entry, chequers_serial_rivers_large_b
Depths:3: minmay_four_inscribed_fans, layout_cave_shapes, minmay_holes,
          hell_entry, abyss_entry, tekkud_shop_of_orbs
Depths:4: grunt_crosshair, layout_honeycomb, chequers_serial_rivers_small_b,
          hell_entry, minmay_shoptagon, uniq_mennas, uniq_josephina
Zot:1:    layout_cellular_growth, ebering_ghost_rock_garden, grunt_megastairs_4
Zot:2:    layout_misc_corridors, gammafunk_ghost_mausoleum
Zot:3:    grunt_twist_and_shout, layout_concentric_octagons,
          regret_index_zotdec_silver_v_v_loose
Zot:4:    layout_onion_interference, regret_index_zotdec_silver_v_v_orig_slice
Zot:5:    layout_gridlike

Skill      XL: |  1  2  3  4  5  6  7  8  9 10 11 12 13 14 15 16 17 18 19 20 21 22 23 24 25 26 27 |
---------------+----------------------------------------------------------------------------------+-----
Dodging        | 1 2 3 4 5 6 7 8 9 10 11 12 13 14 15 | 15.4
Stealth        | 1 2 3 4 |  4.0
Armour         | 2 3 4 5 6 7 8 9 10 11 12 | 12.4
Short Blades   | 1 2 3 4 5 6 7 8 9 |  9.2
Maces & Flails | 1 2 3 4 5 6 7 8 9 10 11 12 | 12.7
Fighting       | 2 3 4 5 6 7 8 9 10 11 12 13 14 15 16 | 16.8
Evocations     | 5 6 7 8 10 11 12 13 14 15 16 17 18 19 20 | 20.5
Invocations    | 1 2 3 4 5 6 7 8 9 10 11 12 | 12.2
Spellcasting   | 2 3 4 5 6 7 8 9 10 11 12 | 12.5
Necromancy     | 2 4 6 7 8 9 10 11 12 | 12.3
Staves         | 2 4 5 6 8 |  8.8
Translocations | 1 4 5 7 8 9 |  9.8
Air Magic      | 1 3 5 6 7 8 9 14 18 23 | 23.8
Hexes          | 2 4 |  4.5

Action                     |  1- 3 |  4- 6 |  7- 9 | 10-12 | 13-15 | 16-18 | 19-21 | 22-24 | 25-27 || total
---------------------------+-------+-------+-------+-------+-------+-------+-------+-------+-------++-------
  Melee: Club              |    16 |       |       |       |       |       |       |       |       ||    16
         Dagger            |    92 |    78 |       |   245 |   560 |       |       |       |       ||   975
         Whip              |    79 |   124 |   366 |   324 |   769 |   888 |   976 |   366 |       ||  3892
         Short sword       |       |    50 |   361 |    84 |       |       |       |       |       ||   495
         Eveningstar       |       |       |       |       |       |   634 |   358 |       |       ||   992
         Demon whip        |       |       |       |       |       |       |   660 |   935 |   417 ||  2012
         Staff             |       |       |       |       |       |       |       |   554 |   430 ||   984
  Throw: Throwing net      |       |       |       |       |     1 |       |       |       |       ||     1
   Cast: Fugue of the Fall |       |       |       |       |       |    24 |    77 |    36 |       ||   137
         Anguish           |       |       |       |       |       |     1 |     1 |    23 |    36 ||    61
         Vhi's Electric Ch |       |       |       |       |       |       |       |    34 |       ||    34
         Airstrike         |       |       |       |       |       |       |       |    38 |    56 ||    94
         Martyr's Knell    |       |       |       |       |       |       |       |    13 |   188 ||   201
         Lesser Beckoning  |       |       |       |       |       |       |       |     6 |       ||     6
         Maxwell's Capacit |       |       |       |       |       |       |       |       |    75 ||    75
 Invoke: Convert to Beogh  |       |     1 |       |       |       |       |       |       |       ||     1
         Smiting           |       |       |     3 |     9 |    43 |    25 |    29 |    48 |    27 ||   184
         Recruit Apostle   |       |       |     1 |     2 |     2 |     3 |     1 |     1 |     2 ||    12
         Recall Apostles   |       |       |       |     6 |     9 |     9 |    15 |    30 |    31 ||   100
         Dismiss Apostle   |       |       |       |       |     2 |     3 |     1 |     1 |     2 ||     9
         Blood for Blood   |       |       |       |       |       |       |       |     1 |       ||     1
Ability: Invent Gizmo      |       |       |       |       |     1 |       |       |       |       ||     1
  Evoke: Wand              |       |    16 |    31 |    12 |    17 |    17 |     2 |    14 |     3 ||   112
         Phantom mirror    |       |       |       |       |     1 |       |       |     1 |       ||     2
         Condenser vane    |       |       |       |       |     1 |       |       |     1 |       ||     2
         Sack of spiders   |       |       |       |       |       |       |     3 |     2 |     1 ||     6
    Use: Scroll            |     4 |       |     5 |    11 |    11 |    14 |    20 |    21 |     8 ||    94
         Potion            |     3 |     2 |       |     3 |     8 |     9 |    14 |    14 |     8 ||    61
   Stab: Sleeping          |     1 |       |     6 |     4 |     7 |     1 |     1 |     2 |       ||    22
         Distracted        |       |       |       |     4 |    18 |    22 |    32 |    19 |    12 ||   107
         Confused          |       |       |       |     1 |     2 |       |       |       |       ||     3
         Petrified         |       |       |       |     1 |     8 |       |       |       |       ||     9
         Held in net/web   |       |       |       |       |     1 |       |       |       |       ||     1
         Petrifying        |       |       |       |       |     1 |       |       |       |       ||     1
         Invisible         |       |       |       |       |     3 |     5 |     6 |    21 |       ||    35
 Armour: Leather armour    |    70 |    83 |   195 |   240 |   166 |       |       |       |       ||   754
         Steam dragon scal |       |       |       |       |   129 |       |       |       |       ||   129
         Troll leather arm |       |       |       |       |   115 |   710 |   674 |    73 |       ||  1572
         Ring mail         |       |       |       |       |       |       |       |   109 |       ||   109
         Robe              |       |       |       |       |       |       |       |   487 |   516 ||  1003
  Dodge: Dodged            |    57 |    91 |   204 |   194 |   379 |   601 |   675 |   620 |   478 ||  3299

Table legend: (Time is in decaauts)
 A = Elapsed time spent in this place.
 B = Non-inter-level travel time spent in this place.
 C = Inter-level travel time spent in this place.
 D = Time resting spent in this place.
 E = Time spent auto-exploring this place.
 F = Levels seen in this place.
 G = Mean time per level.
                   A        B        C        D        E       F      G
               +--------+--------+--------+--------+--------+-----+--------+
         Total |  86378 |  80099 |   6279 |  28640 |  34285 |  56 | 1542.5 |
       Dungeon |  16885 |  14311 |   2574 |   2867 |   8510 |  15 | 1125.7 |
          Lair |   9976 |   8916 |   1060 |   3037 |   4363 |   5 | 1995.2 |
         Swamp |   2599 |   2473 |    126 |    169 |   1513 |   4 |  649.8 |
   Spider Nest |   5871 |   5751 |    120 |   2335 |   1865 |   4 | 1467.8 |
  Orcish Mines |   2369 |   2056 |    313 |    518 |   1112 |   2 | 1184.5 |
   Elven Halls |   5329 |   4929 |    400 |   1205 |   2413 |   3 | 1776.3 |
        Vaults |  11098 |  10362 |    736 |   3282 |   4592 |   5 | 2219.6 |
         Crypt |   4804 |   4682 |    122 |   1756 |   2092 |   3 | 1601.3 |
        Depths |  10624 |  10111 |    513 |   4694 |   3812 |   4 | 2656.0 |
           Zot |  13322 |  13010 |    312 |   7534 |   3223 |   5 | 2664.4 |
        Bazaar |    418 |    418 |      0 |      0 |    237 |   1 |  418.0 |
         Trove |     74 |     74 |      0 |      0 |      5 |   1 |   74.0 |
         Sewer |   1102 |   1102 |      0 |    539 |    124 |   1 | 1102.0 |
        Bailey |    432 |    432 |      0 |    280 |     61 |   1 |  432.0 |
      Ice Cave |    542 |    542 |      0 |    326 |     61 |   1 |  542.0 |
    Desolation |    926 |    926 |      0 |     95 |    300 |   1 |  926.0 |
               +--------+--------+--------+--------+--------+-----+--------+

Top non-repeatable levels by time:
   Zot:5: 4589 daAuts
Depths:3: 4106 daAuts
Depths:4: 3104 daAuts
   Zot:4: 2899 daAuts
Vaults:1: 2534 daAuts
   Zot:3: 2526 daAuts
Vaults:4: 2515 daAuts
  Lair:3: 2496 daAuts
  Lair:5: 2245 daAuts
   Zot:2: 2174 daAuts
 Crypt:3: 2170 daAuts
Vaults:5: 2159 daAuts
Vaults:3: 2028 daAuts
   Elf:2: 1974 daAuts
Spider:4: 1929 daAuts
